cohdb
Replays
Latest Replays
All Replays
Popular Replays
Top Player Replays
Match Explorer
How It Works
Community
CoH3 Stats
Reddit
Sign in to upload your games and track your stats! →
Sign in with Steam
Match 45750449
Unlisted
Match 45750449
Overview
Messages
Build Orders
End
Kettenkrad Recon Vehicle
Construct Infanterie Kompanie
Grenadier Squad
MG 42 Machine Gun Team
MG 42 Machine Gun Team
Grenadier Squad
Construct Panzergrenadier Kompanie
251 Medium Carrier
Pak 40 Anti-tank Gun Team
Construct Luftwaffe Kompanie
Panzergrenadier Squad
Selects Mechanized Battlegroup
Selects Raid Package
Pak 40 Anti-tank Gun Team
Panzergrenadier Squad
Kettenkrad Recon Vehicle
Construct Panzer Kompanie
Selects Spotting Scopes
Selects Wespe Self-propelled Artillery
Selects 8 Rad Armored Car
Pak 40 Anti-tank Gun Team
Medical Station
Selects UNKNOWN (2160084)
Panther Heavy Tank
Panther Heavy Tank
MG 42 Machine Gun Team
Selects Zeroing Artillery Barrage
Panther Heavy Tank
Zeroing Artillery Barrage
Zeroing Artillery Barrage
Panther Heavy Tank
el menda lerenda
Tanzdiktator
BassAngler5000
aSIIDemolitionHammer
0
0
Comments
sign in to comment!
No comments posted yet!